 Dungeon Crawl Stone Soup version 0.26-a0-966-gd078a86f14 (webtiles) character file.

Game seed: 2042122372678068763

51 pablito the Insei (level 3, 0/23 HPs)
             Began as an Octopode Transmuter on Dec 4, 2020.
             Slain by a hobgoblin
             ... wielding a +0 club
              (3 damage)
             ... on level 2 of the Dungeon.
             The game lasted 00:06:20 (998 turns).

pablito the Insei (Octopode Transmuter)              Turns: 998, Time: 00:06:20

Health: 0/23       AC:  1    Str:  9    XL:     3   Next: 81%
Magic:  4/6        EV: 13    Int: 15    God:
Gold:   77         SH:  0    Dex: 13    Spells: 3/6 levels left

rFire    . . .     SeeInvis .     - Unarmed
rCold    . . .     Faith    .   (no shield)
rNeg     . . .     Spirit   .   (helmet restricted)
rPois    .         Reflect  .   (no amulet)
rElec    .         Harm     .   (no ring)
rCorr    .         Rampage  .   (no ring)
MR       .....                  (no ring)
Stlth    +++.......             (no ring)
HPRegen  0.07/turn              (no ring)
MPRegen  0.10/turn              (no ring)
                                (no ring)
                                (no ring)

@: mighty, lethally poisoned (0 -> -3), attractive
A: almost no armour, stealthy swim, amphibious, 8 rings, constrict 8, camouflage
1, gelatinous body 1
a: no special abilities


You were on level 2 of the Dungeon.
You visited 1 branch of the dungeon, and saw 2 of its levels.

You collected 77 gold pieces.

Inventory:

Missiles
 d - 8 curare-tipped darts
Armour
 h - a +0 buckler
Scrolls
 b - a scroll of amnesia {unknown}
 c - 2 scrolls of identify {unknown}
 e - a scroll of remove curse {unknown}
 f - a scroll of enchant weapon {unknown}
Potions
 i - a potion of heal wounds {unknown}


   Skills:
 + Level 1.3 Fighting
 + Level 2.2 Dodging
 + Level 1.3 Stealth
 * Level 0.5 Shields
 * Level 3.5 Unarmed Combat
 + Level 2.2 Spellcasting
 * Level 2.4 Transmutations


You had 3 spell levels left.
You knew the following spells:

 Your Spells              Type           Power        Failure   Level
a - Beastly Appendage     Tmut           #.....       8%          1
b - Wereblood             Tmut           #.......     12%         2

Your spell library contained the following spells:

 Spells                   Type           Power        Failure   Level
 Spider Form              Tmut/Pois      #.........   36%         3
 Ice Form                 Ice/Tmut       #.......     78%         4
 Blade Hands              Tmut           #.........   91%         5


Dungeon Overview and Level Annotations

Branches:
Dungeon (2/15)

Altars:
Xom


Innate Abilities, Weirdness & Mutations

You cannot wear most types of armour.
You are very stealthy in the water. (Stealth+)
You are amphibious.
You can wear up to eight rings at the same time.
You can use your tentacles to constrict eight enemies at once.
Your skin changes colour to match your surroundings (Stealth+).
Your rubbery body absorbs attacks. (AC +1, EV +1)


Message History

The bat is heavily wounded.
You constrict the bat.
* * * LOW HITPOINT WARNING * * *
You feel sick. The bat misses you. The bat closely misses you.
You tentacle-slap the bat.
You kill the bat!
You see here a stone.
* * * LOW HITPOINT WARNING * * *
You feel sick.
A hobgoblin comes into view. It is wielding a +0 club.
* * * LOW HITPOINT WARNING * * *
You feel sick.
It was a potion of attraction.
You feel attractive to monsters. The hobgoblin is pulled toward you!
The worm is pulled toward you! The hobgoblin closely misses you.
It was a potion of might.
You feel very mighty all of a sudden. The worm barely misses you.
The hobgoblin hits you with a +0 club.
You die...

....._.....#
#.......#.#######
#...w...#.......#
#.....##..####.#
#..####.####.##
#?......g.)...#
####.#########)#...#
.......#######(###.###
#.<.g@w..........
#.............(.......
#.#.#.#######.###.####
# #. #.# # #. #.# #.
..# .. ... #. #.#


You could see a worm and a hobgoblin.

Vanquished Creatures
  2 adders (D:2)
  An ooze (D:1)
  3 giant cockroaches (D:1)
  4 goblins
  4 hobgoblins (D:1)
  2 bats
  A frilled lizard (D:2)
  6 kobolds
  5 rats (D:1)
28 creatures vanquished.

Notes
Turn   | Place    | Note
-------+----------+-------------------------------------------
     0 | D:1      | pablito the Octopode Transmuter began the quest for the
                  | Orb.
     0 | D:1      | Reached XP level 1. HP: 13/13 MP: 3/3
    83 | D:1      | Reached XP level 2. HP: 4/18 MP: 3/5
   587 | D:1      | Reached skill level 1 in Stealth
   767 | D:1      | Reached XP level 3. HP: 22/23 MP: 4/6
   897 | D:1      | Learned a level 2 spell: Wereblood
   958 | D:2      | Found a shimmering altar of Xom.
   998 | D:2      | Slain by a hobgoblin

Illustrated notes

Levels and vault maps discovered:
D:1:      wander_arrival_fairy_ring, layout_rooms, wad_floor_pattern_untrapped
D:2:      layout_loops_ring, old_standard_altar,
          lemuel_zombie_altar_yredelemnul, led_sif_pool, grunt_ministairs_3,
          solitary_fountain, minmay_misc_feat_tower

Skill      XL: |  1  2 |
---------------+-------+-----
Stealth        | 1 |  1.3
Fighting       | |  1.3
Dodging        | |  2.2
Shields        | |  0.5
Unarmed Combat | |  3.5
Spellcasting   | |  2.2
Transmutations | |  2.4

Action                   || total
-------------------------++-------
Melee: Unarmed           ||    48
       Kick              ||     9
       Constrict         ||    14
       Tentacles         ||     9
       Punch             ||     1
 Cast: Beastly Appendage ||    17
       Wereblood         ||     2
  Use: Potion            ||     2
 Stab: Sleeping          ||     5
Armor: Skin              ||     7
Dodge: Dodged            ||    34

Table legend: (Time is in decaauts)
 A = Elapsed time spent in this place.
 B = Non-inter-level travel time spent in this place.
 C = Inter-level travel time spent in this place.
 D = Time resting spent in this place.
 E = Time spent auto-exploring this place.
 F = Levels seen in this place.
 G = Mean time per level.
                   A        B        C        D        E       F      G
               +--------+--------+--------+--------+--------+-----+--------+
         Total |    996 |    993 |      3 |    127 |    534 |   2 |  498.0 |
       Dungeon |    996 |    993 |      3 |    127 |    534 |   2 |  498.0 |
               +--------+--------+--------+--------+--------+-----+--------+

Top non-repeatable levels by time:
     D:1: 896 daAuts
     D:2: 99 daAuts
